 Dungeon Crawl Stone Soup version 0.29.1-1-gd02db6906a (webtiles) character file.

Game seed: 16767232118126102453

3419 LustLizard the Covert (level 9, -13/47 HPs)
             Began as a Spriggan Arcane Marksman on Sept 21, 2022.
             Was a Believer of Dithmenos.
             Killed from afar by an acid dragon (28 damage)
             ... with a splash of acid
             ... on level 8 of the Dungeon.
             The game lasted 00:26:30 (11946 turns).

LustLizard the Covert (Spriggan Arcane Marksman)   Turns: 11946, Time: 00:26:30

Health: -13/47     AC: -2    Str:  6    XL:     9   Next: 76%
Magic:  12/12      EV: 33    Int: 14    God:    Dithmenos [**....]
Gold:   512        SH:  0    Dex: 20    Spells: 4/10 levels left

rFire   + . .      SeeInvis +   a - +2 sling
rCold   . . .      Faith    .   (no shield)
rNeg    + . .      Spirit   .   c - +0 robe
rPois   .          Reflect  .   (helmet restricted)
rElec   .          Harm     .   (no cloak)
rCorr   .          Rampage  .   (gloves unavailable)
Will    +....                   (boots unavailable)
Stlth   +++++++...              o - amulet of the acrobat
HPRegen 0.15/turn               w - ring of positive energy
MPRegen 0.13/turn               C - ring of protection from fire

@: corroded, acrobatic, wreathed by umbra, very quick
A: very small, no large weapons, unfitting armour, see invisible, speed 3
a: Renounce Religion, Shadow Step


You were on level 8 of the Dungeon.
You worshipped Dithmenos.
Dithmenos was pleased with you.
You visited 2 branches of the dungeon, and saw 10 of its levels.
You also visited: Ossuary.

You collected 715 gold pieces.
You spent 203 gold pieces at shops.

Inventory:

Hand Weapons
 a - a +2 sling (weapon)
 E - a +4 dagger
Armour
 c - a +0 robe (worn)
Jewellery
 o - an amulet of the acrobat (around neck)
 w - a ring of positive energy (left hand)
 C - a ring of protection from fire (right hand)
Wands
 r - a wand of polymorph (1)
 v - a wand of flame (18)
 A - a wand of iceblast (13)
Scrolls
 b - 3 scrolls of poison
 d - 2 scrolls of fear {unknown}
 e - 3 scrolls of magic mapping {unknown}
 g - 2 scrolls of enchant weapon
 i - 4 scrolls of enchant armour {unknown}
 l - 3 scrolls of butterflies {unknown}
 n - a scroll of vulnerability
 s - 4 scrolls of silence {unknown}
 t - 2 scrolls of blinking
 u - 2 scrolls of noise {unknown}
 x - 2 scrolls of brand weapon
 y - a scroll of immolation
 B - a scroll of torment
 D - a scroll of teleportation
 F - a scroll of summoning
Potions
 f - 6 potions of brilliance
 h - 3 potions of heal wounds
 j - 3 potions of attraction
 k - 3 potions of curing
 m - 2 potions of cancellation
 p - 2 potions of lignification
 q - 2 potions of might
 z - a potion of mutation


   Skills:
 + Level 5.0 Fighting
 * Level 8.9 Ranged Weapons
 - Level 2.6 Dodging
 * Level 13.0 Stealth
 - Level 1.3 Spellcasting
 - Level 4.0 Hexes
 - Level 4.0 Translocations


You had 4 spell levels left.
You knew the following spells:

 Your Spells              Type           Power      Damage    Failure   Level
a - Slow                  Hex            48%        N/A       4%          1
b - Portal Projectile     Hex/Tloc       24%        N/A       14%         3
c - Blink                 Tloc           24%        N/A       8%          2

Your spell library contained the following spells:

 Spells                   Type           Power      Damage    Failure   Level
 Inner Flame              Hex/Fire       6%         N/A       32%         3
 Cause Fear               Hex            6%         N/A       43%         4
 Conjure Flame            Conj/Fire      0%         6-21      58%         3
 Ignite Poison            Fire/Tmut/Pois 0%         N/A       58%         3
 Sticky Flame             Conj/Fire      0%         2d3       94%         4
 Manifold Assault         Tloc           12%        N/A       80%         5
 Storm Form               Tmut/Air       0%         N/A       100%        7


Dungeon Overview and Level Annotations

Branches:
Dungeon (9/15)             Temple (1/1) D:4            Lair (0/5) D:9
Ossuary (visited)
    Orc: D:9-12

Altars:
Cheibriados
Dithmenos
Elyvilon
Fedhas
Hepliaklqana
Kikubaaqudgha
Makhleb
Nemelex Xobeh
Okawaru
Qazlal
Sif Muna
Trog
Uskayaw
Vehumet
Wu Jian
Xom
Yredelemnul
Zin
The Shining One

Shops:
D:3 ?   D:6 *

Annotations:
D:6 2 transporters
D:8 3 runed translucent doors, GigaChad's ghost, novice MiFi
D:9 Maurice


Innate Abilities, Weirdness & Mutations

You are very small and have problems with some larger weapons.
You are too small for most types of armour.
You have supernaturally acute eyesight. (SInv)
You cover ground extremely quickly. (Speed+++)


Message History

Aim: an orc warrior, wielding a +0 glaive and wearing a +0 plate armour (heavily wounded, umbra, chance to affect: 50%)
The orc warrior seems to slow down.
An acid dragon comes into view.
There is a stone staircase leading up here.
You shoot a sling bullet. The sling bullet hits the orc warrior.
The orc warrior is heavily wounded.
You shoot a sling bullet.
The sling bullet hits the orc warrior but does no damage.
The orc warrior is heavily wounded.
You shoot a sling bullet.
The sling bullet closely misses the orc warrior.
You shoot a sling bullet.
The sling bullet closely misses the orc warrior.
The sling bullet hits the acid dragon.
The acid dragon is moderately wounded.
You shoot a sling bullet.
The sling bullet hits the orc warrior but does no damage.
The orc warrior is heavily wounded.
You shoot a sling bullet. The sling bullet hits the orc warrior.
The orc warrior is heavily wounded.
The orc warrior closely misses you. The acid dragon closely misses you.
The acid dragon misses you.
You climb upwards.
Level annotation: 3 runed translucent doors, GigaChad's ghost, novice MiFi
There is a stone staircase leading down here.
You shoot a sling bullet. The sling bullet hits the acid dragon.
The acid dragon is moderately wounded.
The acid dragon bites you! The acid dragon barely misses you.
You shoot a sling bullet.
The sling bullet barely misses the acid dragon.
The acid dragon spits acid at you. The splash of acid hits you!
The acid corrodes you!
You shoot a sling bullet.
The sling bullet closely misses the acid dragon.
The acid dragon bites you. The acid dragon barely misses you.
The acid dragon bites you. The acid dragon misses you.
The acid dragon spits acid at you. The splash of acid hits you!!
Ouch! That really hurt!
You die...

########.....####.###.........5.5
..........#### ### #........>.##
######.###.## ####..##...# #.#
#..# ##..##..## ##########
##########.###... #...._#2#
#>.......#..##### ##.#######
#D.......##..## # ###..#.#
#####........###..# #
....##.######...@........# ##.# #
######.....##.###........# #.###
# #.##.....######.##### #..##
#.#..##....####.# ##.##
#...######.<....# #.## ######.###
####..## #.#. .#.#.#.## #..##
#... .....#..# ##..# ##..
#....+..## ##..#### #..


You could see an acid dragon (catching breath).

Vanquished Creatures
  Pikel (D:8)
  2 wyverns (D:8)
  2 yaks (D:4)
  A steam dragon (D:8)
  Menkaure (D:4)
  An orc warrior (D:7)
  A black bear (D:6)
  3 ice beasts
  A sky beast (D:7)
  2 ogres
  2 lemures (D:8)
  A phantom (D:5)
  An elf skeleton (D:8)
  A gnoll sergeant (D:5)
  A scorpion (D:4)
  3 bullfrogs (D:7)
  4 hounds
  A jelly (D:4)
  2 gnoll boudas
  5 orc priests
  2 human skeletons (D:8)
  2 iguanas
  4 orc wizards
  8 mummies (Ossuary)
  13 gnolls
  7 adders
  A white imp (D:5)
  An ufetubus (D:5)
  2 worms
  2 dart slugs
  15 orcs
  9 endoplasms
  3 giant cockroaches
  2 gnoll zombies (Ossuary)
  6 goblins
  9 hobgoblins
  7 jackals (D:2)
  6 kobolds
  4 quokkas
  5 ball pythons
  7 bats
  5 frilled lizards
  3 hobgoblin zombies (Ossuary)
  2 kobold zombies (Ossuary)
  An orc skeleton (D:8)
  3 orc zombies
  7 rats
  A butterfly (D:4)
173 creatures vanquished.

Vanquished Creatures (others)
  A wizard (D:4)
  An orc wizard (D:7)
2 creatures vanquished.

Grand Total: 175 creatures vanquished

Notes
Turn   | Place    | Note
-------+----------+-------------------------------------------
     0 | D:1      | LustLizard the Spriggan Arcane Marksman began the quest for
                  | the Orb.
     0 | D:1      | Reached XP level 1. HP: 9/9 MP: 3/3
    67 | D:1      | Reached skill level 1 in Stealth
   113 | D:1      | Reached XP level 2. HP: 14/14 MP: 5/5
   173 | D:1      | Reached skill level 1 in Fighting
   408 | D:1      | Reached skill level 2 in Stealth
   525 | D:1      | You fall into a shaft and drop 1 floor!
   542 | D:2      | Reached XP level 3. HP: 17/18 MP: 6/6
   698 | D:1      | Found a faded altar of an unknown god.
   799 | D:2      | Reached skill level 3 in Stealth
  1393 | D:2      | Reached XP level 4. HP: 21/22 MP: 7/7
  1623 | D:3      | Reached skill level 4 in Stealth
  1802 | D:3      | Found an ancient bone altar of Kikubaaqudgha.
  2110 | D:3      | Found a blossoming altar of Fedhas.
  2116 | D:3      | Found a shimmering altar of Xom.
  2314 | D:3      | Reached XP level 5. HP: 26/26 MP: 8/8
  2325 | D:3      | Found Iloel's Magic Scroll Shop.
  2330 | D:3      | Bought a scroll of identify for 26 gold pieces
  2330 | D:3      | Bought a scroll of blinking for 97 gold pieces
  2562 | D:4      | Noticed Menkaure
  2575 | D:4      | Killed Menkaure
  2576 | D:4      | Reached skill level 5 in Stealth
  2980 | D:4      | Noticed an ice beast
  3035 | D:4      | Reached XP level 6. HP: 16/30 MP: 9/9
  3081 | D:4      | Killed an ice beast
  3082 | D:4      | Reached skill level 6 in Stealth
  3534 | D:4      | Found a bloodstained altar of Trog.
  3696 | D:4      | Reached skill level 7 in Stealth
  3696 | D:4      | Reached XP level 7. HP: 35/35 MP: 7/10
  3729 | D:4      | Noticed a wizard
  3735 | D:4      | Killed a wizard
  3810 | D:4      | Found a staircase to the Ecumenical Temple.
  3815 | Temple   | Entered the Ecumenical Temple
  4063 | Temple   | Became a worshipper of Dithmenos the Shadowed
  4473 | D:5      | Entered Level 5 of the Dungeon
  4543 | D:5      | Reached skill level 5 in Ranged Weapons
  4564 | D:5      | Found a basalt altar of Yredelemnul.
  4579 | D:5      | Noticed a yak
  4579 | D:5      | Noticed a yak
  4580 | D:5      | Noticed a yak
  4581 | D:5      | Noticed a yak
  4581 | D:5      | Noticed a yak
  4638 | D:4      | Killed a yak
  4856 | D:5      | Noticed a yak
  4921 | D:4      | Killed a yak
  4922 | D:4      | Reached skill level 8 in Stealth
  5377 | D:5      | Reached skill level 9 in Stealth
  5377 | D:5      | Reached XP level 8. HP: 23/40 MP: 11/11
  6570 | D:6      | Found a transporter.
  6726 | D:6      | Found a transporter.
  6793 | D:6      | Found Qarapos's General Store.
  6801 | D:6      | Bought a scroll of identify for 20 gold pieces
  6801 | D:6      | Bought 3 scrolls of identify for 60 gold pieces
  7341 | D:6      | Reached skill level 10 in Stealth
  8375 | D:7      | Reached * piety under Dithmenos
  8534 | D:7      | Reached skill level 11 in Stealth
  8994 | D:7      | Learned a level 3 spell: Portal Projectile
  9022 | D:7      | Learned a level 2 spell: Blink
  9086 | D:7      | Reached XP level 9. HP: 45/45 MP: 12/12
  9137 | D:7      | Reached skill level 1 in Translocations
 10514 | D:8      | Found a sand-covered staircase.
 10522 | Ossuary  | Entered an ossuary
 10550 | Ossuary  | Reached skill level 12 in Stealth
 10568 | Ossuary  | Reached ** piety under Dithmenos
 11497 | D:8      | Noticed Pikel
 11519 | D:8      | Paralysed by Pikel for 3 turns
 11666 | D:8      | Killed Pikel
 11667 | D:8      | Reached skill level 5 in Fighting
 11667 | D:8      | Reached skill level 13 in Stealth
 11714 | D:8      | Found a burning altar of Makhleb.
 11714 | D:8      | Noticed a cacodemon
 11741 | D:8      | Found a runed translucent gate.
 11741 | D:8      | Found a runed translucent gate.
 11741 | D:8      | Found a runed translucent gate.
 11741 | D:8      | Noticed GigaChad's ghost (novice MiFi)
 11876 | D:9      | Noticed Maurice
 11908 | D:9      | Found a staircase to the Lair.
 11946 | D:8      | Killed from afar by an acid dragon

Illustrated notes

Levels and vault maps discovered:
D:1:      lemuel_arrival_funnel, layout_rooms,
          hellmonk_ecumenical_altar_inner_sanctum
D:2:      layout_loops_cross, chequers_serial_rivers_micro_d
D:3:      layout_basic, lemuel_crystal_altar, jmf_multi_god_temple,
          serial_shops, nicolae_shop_advertising_works
          [nicolae_subvault_shop_adworks]
D:4:      layout_basic, trog_wizard, minmay_temple_entry_butterflies,
          minmay_misc_feat_secret_circle, uniq_menkaure
D:5:      layout_loops_ring, mainiacjoe_overflow_24_doors
D:6:      gammafunk_cloud_chamber, layout_basic, serial_shops,
          nicolae_shop_stone, nicolae_titane
D:7:      layout_layer_cave
D:8:      layout_rooms, makhleb_altar_promises_db,
          nicolae_ossuary_entry_catacombs, gammafunk_ghost_necromancy,
          uniq_pikel
D:9:      minmay_the_grid_3x2 [minmay_the_grid_paths,
          minmay_the_grid_minigrid_large, minmay_the_grid_slots,
          minmay_the_grid_large_cup, minmay_the_grid_rooms,
          minmay_the_grid_prize_shrinking_boxes], layout_irregular_city,
          hangedman_ru_absence, mainiacjoe_overflow_alcove_4, lair_entry_dummy,
          minivault_19, uniq_maurice
Temple:   oiseaux_autumnal_temple

Skill      XL: |  1  2  3  4  5  6  7  8  9 |
---------------+----------------------------+-----
Stealth        | 1 2 3 4 5 7 9 11 13 | 13.0
Fighting       | 1 2 3 4 5 |  5.0
Hexes          | 4 |  4.0
Ranged Weapons | 3 4 6 7 8 |  8.9
Translocations | 4 |  4.0
Dodging        | |  2.6
Spellcasting   | |  1.3

Action                   |  1- 3 |  4- 6 |  7- 9 || total
-------------------------+-------+-------+-------++-------
 Fire: Sling             |   154 |   194 |   717 ||  1065
 Cast: Slow              |     1 |     7 |    66 ||    74
  Use: Scroll            |       |     4 |    11 ||    15
       Potion            |       |       |     1 ||     1
Armor: Robe              |     6 |     7 |    12 ||    25
Dodge: Dodged            |    61 |    39 |   233 ||   333
